[ PARTIDA AOE2 · #471414899 ]
Team RMEspañoles vs Teutons
[ ANÁLISIS DE REPETICIÓN · EXTRAÍDO DE LA PARTIDA GRABADA ]
Feudal
9:15
Castillos
19:10
Imperial
32:24
| APM promedio | 13.8 |
| APM pico | 42 |
| eAPM promedio | 10.1 |
| Aldeanos / militares | 75 / 29 |
Foco
⚔️ 19.3% · 🌾 80.7%
Conquistador ×23 · Trade Cart ×6 · Trebuchet (Packed) ×5 · Missionary ×1
Feudal
11:00
Castillos
21:13
Imperial
26:53
| APM promedio | 37.1 |
| APM pico | 97 |
| eAPM promedio | 21.1 |
| Aldeanos / militares | 85 / 25 |
Foco
⚔️ 8.8% · 🌾 91.2%
Conquistador ×18 · Trebuchet (Packed) ×5 · Monk ×2
Feudal
12:57
Castillos
23:37
Imperial
—
| APM promedio | 9.2 |
| APM pico | 25 |
| eAPM promedio | 7.9 |
| Aldeanos / militares | 60 / 21 |
Foco
⚔️ 20.1% · 🌾 79.9%
Teutonic Knight ×13 · Militia ×8
Feudal
12:03
Castillos
19:30
Imperial
35:05
| APM promedio | 13.9 |
| APM pico | 25 |
| eAPM promedio | 8.8 |
| Aldeanos / militares | 56 / 48 |
Foco
⚔️ 15.0% · 🌾 85.0%
Skirmisher ×25 · Battering Ram ×9 · Scorpion ×5 · Ballista Elephant ×4 · Petard ×3 · Scout Cavalry ×2
Mapa de la partida
Recursos iniciales + cada clic de construcción. Líneas = muros · curvas = relieve. ◆ oro · ⬟ piedra · ● bayas · ✦ reliquia · ◌ hueco del cierre
Tu base· ✓ Cerrada en 19:10 · 0t muro · 2 puerta(s)
Base de profess|r· ✓ Cerrada en 21:13 · 0t muro · 2 puerta(s)
Base de Dicaios· ✓ Cerrada en 23:37 · 0t muro · 2 puerta(s)
Base de tas_ath· ✓ Cerrada en 19:30 · 0t muro · 2 puerta(s)
Terreno inicial suavizado · ◌ = hueco del cierre detectado · pasá el cursor para detalles
Inputs por minuto
— purrupupues - - profess|r
Build order — purrupupues
Primeras 150 de 226 acciones detectadas
| 0:01 | Crear | Villager (Male) |
| 0:01 | Crear | Villager (Male) |
| 0:04 | Construir | House |
| 0:08 | Construir | House |
| 0:16 | Crear | Villager (Male) |
| 0:16 | Crear | Villager (Male) |
| 1:42 | Crear | Villager (Male) |
| 2:02 | Construir | Lumber Camp |
| 2:11 | Crear | Villager (Male) |
| 2:11 | Crear | Villager (Male) |
| 2:39 | Crear | Villager (Male) |
| 2:48 | Crear | Villager (Male) |
| 3:11 | Construir | House |
| 3:12 | Construir | House |
| 3:21 | Crear | Villager (Male) |
| 3:22 | Crear | Villager (Male) |
| 4:00 | Crear | Villager (Male) |
| 4:32 | Crear | Villager (Male) |
| 5:13 | Construir | Mill |
| 5:15 | Crear | Villager (Male) |
| 5:39 | Crear | Villager (Male) |
| 6:05 | Crear | Villager (Male) |
| 6:37 | Crear | Villager (Male) |
| 7:05 | Investigar | Feudal Age |
| 7:35 | Construir | Mill |
| 8:03 | Crear | Villager (Male) |
| 8:28 | Crear | Villager (Male) |
| 9:15 | Edad | Edad Feudal |
| 9:15 | Investigar | Double-Bit Axe |
| 9:16 | Investigar | Horse Collar |
| 9:41 | Crear | Villager (Male) |
| 9:45 | Construir | House |
| 9:46 | Construir | House |
| 9:49 | Construir | Blacksmith |
| 10:06 | Crear | Villager (Male) |
| 10:32 | Crear | Villager (Male) |
| 10:38 | Construir | Mining Camp |
| 10:51 | Construir | Market |
| 11:22 | Crear | Villager (Male) |
| 11:41 | Crear | Villager (Male) |
| 11:50 | Construir | Farm |
| 12:09 | Construir | House |
| 12:12 | Crear | Villager (Male) |
| 12:15 | Construir | Farm |
| 12:42 | Construir | Farm |
| 12:51 | Crear | Villager (Male) |
| 12:57 | Construir | Barracks |
| 13:13 | Crear | Villager (Male) |
| 13:19 | Construir | Farm |
| 13:43 | Crear | Villager (Male) |
| 13:45 | Construir | Farm |
| 14:12 | Construir | Stable |
| 14:15 | Construir | Farm |
| 14:16 | Crear | Villager (Male) |
| 14:40 | Construir | House |
| 14:43 | Crear | Villager (Male) |
| 14:45 | Construir | Farm |
| 15:11 | Crear | Villager (Male) |
| 15:15 | Construir | Farm |
| 15:34 | Crear | Villager (Male) |
| 15:42 | Construir | House |
| 15:50 | Construir | Mill |
| 15:52 | Construir | Farm |
| 16:04 | Crear | Villager (Male) |
| 16:15 | Construir | Mining Camp |
| 16:22 | Construir | Farm |
| 16:22 | Construir | Farm |
| 16:30 | Investigar | Castle Age |
| 16:50 | Construir | Farm |
| 16:50 | Construir | Farm |
| 16:51 | Construir | Farm |
| 16:51 | Construir | Farm |
| 16:52 | Construir | Farm |
| 16:53 | Construir | Farm |
| 16:53 | Construir | Farm |
| 16:54 | Construir | Farm |
| 17:03 | Investigar | Gold Mining |
| 17:56 | Investigar | Scale Barding Armor |
| 18:02 | Investigar | Bloodlines |
| 18:41 | Investigar | Stone Mining |
| 19:10 | Edad | Edad de los Castillos |
| 19:10 | Crear | Villager (Male) |
| 19:11 | Crear | Villager (Male) |
| 19:11 | Crear | Villager (Male) |
| 19:16 | Construir | Town Center |
| 19:21 | Investigar | Bow Saw |
| 19:33 | Crear | Villager (Male) |
| 19:50 | Crear | Villager (Male) |
| 19:51 | Crear | Villager (Male) |
| 19:52 | Crear | Villager (Male) |
| 19:52 | Crear | Villager (Male) |
| 20:05 | Construir | Monastery |
| 20:42 | Crear | Missionary |
| 20:46 | Construir | House |
| 20:53 | Crear | Villager (Male) |
| 20:53 | Crear | Villager (Male) |
| 20:54 | Crear | Villager (Male) |
| 20:54 | Crear | Villager (Male) |
| 21:09 | Investigar | Heavy Plow |
| 21:25 | Construir | Mining Camp |
| 21:28 | Investigar | Stone Shaft Mining |
| 21:37 | Construir | University |
| 22:15 | Investigar | Husbandry |
| 22:22 | Investigar | Loom |
| 22:25 | Construir | Lumber Camp |
| 22:31 | Investigar | Wheelbarrow |
| 22:37 | Crear | Villager (Male) |
| 22:38 | Crear | Villager (Male) |
| 22:39 | Crear | Villager (Male) |
| 22:39 | Crear | Villager (Male) |
| 22:51 | Construir | House |
| 22:59 | Construir | House |
| 23:05 | Investigar | Caravan |
| 23:38 | Investigar | Fervor |
| 23:39 | Investigar | Sanctity |
| 23:54 | Construir | Mining Camp |
| 23:58 | Crear | Villager (Male) |
| 23:58 | Crear | Villager (Male) |
| 24:11 | Investigar | Chain Barding Armor |
| 24:12 | Investigar | Padded Archer Armor |
| 24:16 | Crear | Villager (Male) |
| 24:20 | Crear | Villager (Male) |
| 24:59 | Crear | Villager (Male) |
| 24:59 | Crear | Villager (Male) |
| 25:03 | Construir | Farm |
| 25:32 | Construir | Farm |
| 25:35 | Crear | Villager (Male) |
| 25:40 | Construir | Farm |
| 25:45 | Crear | Villager (Male) |
| 25:45 | Crear | Villager (Male) |
| 25:48 | Investigar | Hand Cart |
| 25:53 | Construir | Farm |
| 25:55 | Crear | Villager (Male) |
| 26:20 | Investigar | Redemption |
| 26:24 | Construir | Farm |
| 26:29 | Construir | Farm |
| 26:43 | Construir | Castle |
| 26:51 | Construir | Farm |
| 26:53 | Crear | Villager (Male) |
| 26:53 | Crear | Villager (Male) |
| 27:14 | Construir | Farm |
| 27:23 | Construir | Farm |
| 27:28 | Crear | Villager (Male) |
| 27:28 | Crear | Villager (Male) |
| 28:23 | Crear | Villager (Male) |
| 28:23 | Crear | Villager (Male) |
| 28:26 | Crear | Villager (Male) |
| 28:26 | Crear | Villager (Male) |
| 28:30 | Investigar | Imperial Age |
| 28:34 | Construir | Farm |
Build order — profess|r
Primeras 150 de 198 acciones detectadas
| 0:01 | Crear | Villager (Male) |
| 0:02 | Crear | Villager (Male) |
| 0:02 | Construir | House |
| 0:06 | Construir | House |
| 0:50 | Crear | Villager (Male) |
| 0:50 | Crear | Villager (Male) |
| 1:26 | Crear | Villager (Male) |
| 1:45 | Construir | Lumber Camp |
| 2:02 | Crear | Villager (Male) |
| 2:20 | Crear | Villager (Male) |
| 2:28 | Construir | House |
| 2:45 | Investigar | Loom |
| 2:50 | Crear | Villager (Male) |
| 3:10 | Construir | House |
| 3:18 | Investigar | Loom |
| 3:18 | Crear | Villager (Male) |
| 4:03 | Crear | Villager (Male) |
| 4:38 | Crear | Villager (Male) |
| 4:52 | Construir | Mill |
| 4:59 | Crear | Villager (Male) |
| 5:19 | Crear | Villager (Male) |
| 5:22 | Crear | Villager (Male) |
| 6:05 | Crear | Villager (Male) |
| 6:39 | Crear | Villager (Male) |
| 6:55 | Crear | Villager (Male) |
| 7:06 | Crear | Villager (Male) |
| 7:53 | Construir | House |
| 7:55 | Construir | House |
| 7:57 | Crear | Villager (Male) |
| 8:25 | Crear | Villager (Male) |
| 8:44 | Investigar | Feudal Age |
| 8:44 | Investigar | Feudal Age |
| 8:55 | Construir | Mining Camp |
| 9:31 | Crear | Villager (Male) |
| 9:32 | Crear | Villager (Male) |
| 10:41 | Construir | Mining Camp |
| 10:50 | Crear | Villager (Male) |
| 11:00 | Edad | Edad Feudal |
| 11:00 | Investigar | Horse Collar |
| 11:06 | Investigar | Stone Mining |
| 11:09 | Investigar | Double-Bit Axe |
| 11:33 | Crear | Villager (Male) |
| 11:53 | Construir | Farm |
| 12:02 | Crear | Villager (Male) |
| 12:18 | Crear | Villager (Male) |
| 12:25 | Construir | Market |
| 12:29 | Construir | Blacksmith |
| 12:37 | Construir | Blacksmith |
| 12:41 | Crear | Villager (Male) |
| 12:54 | Construir | House |
| 12:58 | Construir | House |
| 13:00 | Crear | Villager (Male) |
| 13:07 | Construir | Farm |
| 13:47 | Crear | Villager (Male) |
| 13:58 | Construir | Farm |
| 14:14 | Crear | Villager (Male) |
| 14:26 | Construir | Farm |
| 14:37 | Construir | House |
| 14:40 | Crear | Villager (Male) |
| 14:44 | Construir | Farm |
| 14:51 | Construir | Farm |
| 14:56 | Crear | Villager (Male) |
| 14:58 | Construir | Farm |
| 15:21 | Crear | Villager (Male) |
| 15:24 | Construir | Farm |
| 15:29 | Crear | Villager (Male) |
| 15:38 | Construir | Farm |
| 15:38 | Construir | Farm |
| 16:00 | Crear | Villager (Male) |
| 16:14 | Construir | Farm |
| 16:14 | Construir | Farm |
| 16:15 | Construir | Farm |
| 16:16 | Construir | Farm |
| 16:17 | Construir | Farm |
| 16:25 | Crear | Villager (Male) |
| 16:44 | Construir | Farm |
| 16:45 | Construir | Farm |
| 16:52 | Crear | Villager (Male) |
| 17:00 | Construir | Farm |
| 17:13 | Construir | Farm |
| 17:24 | Crear | Villager (Male) |
| 17:32 | Construir | Farm |
| 17:52 | Construir | Farm |
| 18:08 | Crear | Villager (Male) |
| 18:20 | Investigar | Castle Age |
| 19:15 | Crear | Villager (Male) |
| 19:15 | Crear | Villager (Male) |
| 19:20 | Crear | Villager (Male) |
| 19:50 | Investigar | Padded Archer Armor |
| 20:07 | Construir | House |
| 20:09 | Construir | House |
| 20:42 | Construir | House |
| 21:03 | Construir | Mining Camp |
| 21:13 | Edad | Edad de los Castillos |
| 21:21 | Construir | Castle |
| 21:35 | Crear | Villager (Male) |
| 21:41 | Construir | Monastery |
| 22:03 | Construir | Town Center |
| 22:05 | Crear | Villager (Male) |
| 22:22 | Construir | House |
| 23:01 | Crear | Villager (Male) |
| 23:05 | Investigar | Imperial Age |
| 23:14 | Crear | Monk |
| 23:15 | Crear | Monk |
| 23:47 | Crear | Conquistador |
| 23:58 | Crear | Villager (Male) |
| 23:58 | Crear | Villager (Male) |
| 23:59 | Crear | Villager (Male) |
| 23:59 | Crear | Villager (Male) |
| 24:00 | Crear | Villager (Male) |
| 24:34 | Crear | Conquistador |
| 24:53 | Crear | Conquistador |
| 25:17 | Crear | Villager (Male) |
| 25:20 | Crear | Conquistador |
| 25:41 | Crear | Conquistador |
| 26:03 | Crear | Conquistador |
| 26:08 | Crear | Villager (Male) |
| 26:08 | Crear | Villager (Male) |
| 26:15 | Construir | Farm |
| 26:15 | Construir | Farm |
| 26:16 | Construir | Farm |
| 26:16 | Construir | Farm |
| 26:16 | Construir | Farm |
| 26:20 | Crear | Villager (Male) |
| 26:51 | Crear | Conquistador |
| 26:53 | Edad | Edad Imperial |
| 26:55 | Crear | Trebuchet (Packed) |
| 27:13 | Crear | Villager (Male) |
| 27:15 | Crear | Villager (Male) |
| 27:16 | Crear | Villager (Male) |
| 27:16 | Crear | Villager (Male) |
| 27:16 | Crear | Villager (Male) |
| 27:22 | Crear | Villager (Male) |
| 27:38 | Crear | Trebuchet (Packed) |
| 29:34 | Construir | House |
| 29:40 | Construir | House |
| 30:04 | Construir | Castle |
| 30:13 | Crear | Villager (Male) |
| 30:13 | Crear | Villager (Male) |
| 30:14 | Crear | Villager (Male) |
| 30:14 | Crear | Villager (Male) |
| 30:15 | Crear | Villager (Male) |
| 30:15 | Crear | Villager (Male) |
| 30:16 | Crear | Villager (Male) |
| 30:16 | Crear | Villager (Male) |
| 30:16 | Crear | Villager (Male) |
| 30:24 | Crear | Villager (Male) |
| 30:24 | Crear | Villager (Male) |
| 30:34 | Investigar | Heavy Plow |
| 30:56 | Crear | Villager (Male) |
Build order — Dicaios
Primeras 150 de 172 acciones detectadas
| 0:12 | Crear | Villager (Male) |
| 0:12 | Crear | Villager (Male) |
| 0:12 | Crear | Villager (Male) |
| 0:12 | Crear | Villager (Male) |
| 0:12 | Crear | Villager (Male) |
| 0:19 | Construir | House |
| 0:21 | Construir | House |
| 0:22 | Construir | House |
| 0:24 | Construir | House |
| 2:05 | Crear | Villager (Male) |
| 2:30 | Investigar | Loom |
| 2:37 | Crear | Villager (Male) |
| 2:56 | Crear | Villager (Male) |
| 3:47 | Crear | Villager (Male) |
| 4:15 | Crear | Villager (Male) |
| 4:48 | Crear | Villager (Male) |
| 4:48 | Crear | Villager (Male) |
| 5:24 | Construir | Mill |
| 5:41 | Crear | Villager (Male) |
| 5:42 | Crear | Villager (Male) |
| 7:21 | Crear | Villager (Male) |
| 7:21 | Crear | Villager (Male) |
| 8:18 | Crear | Villager (Male) |
| 8:18 | Crear | Villager (Male) |
| 8:20 | Crear | Villager (Male) |
| 8:21 | Crear | Villager (Male) |
| 8:39 | Construir | Lumber Camp |
| 9:24 | Construir | Mining Camp |
| 9:44 | Construir | Mining Camp |
| 10:00 | Crear | Villager (Male) |
| 10:41 | Construir | House |
| 10:42 | Construir | House |
| 10:43 | Construir | House |
| 10:44 | Construir | House |
| 10:47 | Investigar | Feudal Age |
| 11:44 | Construir | Barracks |
| 12:42 | Construir | Farm |
| 12:45 | Construir | Farm |
| 12:48 | Construir | Farm |
| 12:52 | Construir | Farm |
| 12:57 | Edad | Edad Feudal |
| 13:16 | Crear | Villager (Male) |
| 13:16 | Crear | Villager (Male) |
| 13:17 | Crear | Villager (Male) |
| 13:18 | Crear | Villager (Male) |
| 13:24 | Investigar | Double-Bit Axe |
| 14:05 | Construir | Archery Range |
| 14:33 | Investigar | Wheelbarrow |
| 15:13 | Construir | Blacksmith |
| 15:18 | Crear | Villager (Male) |
| 15:19 | Crear | Villager (Male) |
| 15:41 | Investigar | Horse Collar |
| 16:26 | Construir | Market |
| 16:53 | Investigar | Gold Mining |
| 16:57 | Investigar | Stone Mining |
| 17:06 | Crear | Villager (Male) |
| 17:06 | Crear | Villager (Male) |
| 17:20 | Investigar | Man-at-Arms (upgrade) |
| 17:47 | Construir | Stable |
| 17:58 | Crear | Villager (Male) |
| 17:58 | Crear | Villager (Male) |
| 18:06 | Investigar | Forging |
| 18:06 | Investigar | Scale Mail Armor |
| 18:53 | Crear | Villager (Male) |
| 18:53 | Crear | Villager (Male) |
| 18:53 | Crear | Villager (Male) |
| 18:55 | Crear | Villager (Male) |
| 19:21 | Construir | Farm |
| 19:42 | Construir | Farm |
| 19:47 | Construir | Farm |
| 19:50 | Construir | Farm |
| 19:53 | Construir | Farm |
| 19:56 | Construir | Farm |
| 20:00 | Construir | Farm |
| 20:11 | Construir | Farm |
| 20:33 | Construir | Farm |
| 20:40 | Construir | Farm |
| 20:43 | Construir | Farm |
| 20:47 | Construir | Farm |
| 20:57 | Investigar | Castle Age |
| 21:07 | Construir | Barracks |
| 21:13 | Construir | Archery Range |
| 21:45 | Investigar | Forging |
| 21:45 | Investigar | Scale Mail Armor |
| 22:04 | Crear | Villager (Male) |
| 22:04 | Crear | Villager (Male) |
| 22:48 | Crear | Militia |
| 22:48 | Crear | Militia |
| 22:49 | Crear | Militia |
| 22:49 | Crear | Militia |
| 22:49 | Crear | Militia |
| 22:49 | Crear | Militia |
| 23:35 | Construir | House |
| 23:36 | Construir | House |
| 23:37 | Edad | Edad de los Castillos |
| 23:49 | Crear | Militia |
| 23:49 | Crear | Militia |
| 24:10 | Construir | Town Center |
| 24:43 | Investigar | Long Swordsman (upgrade) |
| 24:50 | Investigar | Iron Casting |
| 24:50 | Investigar | Scale Mail Armor |
| 25:00 | Construir | House |
| 25:01 | Construir | House |
| 25:02 | Construir | House |
| 25:03 | Construir | House |
| 25:14 | Crear | Villager (Male) |
| 26:18 | Construir | Castle |
| 26:50 | Construir | Farm |
| 26:52 | Construir | Farm |
| 26:58 | Crear | Villager (Male) |
| 26:59 | Crear | Villager (Male) |
| 26:59 | Crear | Villager (Male) |
| 26:59 | Crear | Villager (Male) |
| 27:23 | Investigar | Heavy Plow |
| 27:26 | Crear | Villager (Male) |
| 27:27 | Crear | Villager (Male) |
| 27:27 | Crear | Villager (Male) |
| 27:27 | Crear | Villager (Male) |
| 28:00 | Construir | Farm |
| 28:11 | Crear | Villager (Male) |
| 28:11 | Crear | Villager (Male) |
| 28:15 | Investigar | Bow Saw |
| 28:22 | Investigar | Chain Mail Armor |
| 28:22 | Investigar | Scale Barding Armor |
| 28:23 | Investigar | Fletching |
| 28:43 | Construir | Mining Camp |
| 29:12 | Construir | Siege Workshop |
| 29:14 | Construir | Siege Workshop |
| 29:39 | Construir | Town Center |
| 29:51 | Investigar | Stone Shaft Mining |
| 30:17 | Construir | Farm |
| 30:19 | Construir | Farm |
| 30:25 | Construir | Farm |
| 30:26 | Crear | Villager (Male) |
| 30:27 | Crear | Villager (Male) |
| 30:27 | Crear | Villager (Male) |
| 30:33 | Crear | Villager (Male) |
| 30:35 | Investigar | Hand Cart |
| 31:19 | Construir | Stone Wall |
| 31:29 | Construir | Stone Wall |
| 31:49 | Crear | Teutonic Knight |
| 31:49 | Crear | Teutonic Knight |
| 31:49 | Crear | Teutonic Knight |
| 31:49 | Crear | Teutonic Knight |
| 31:50 | Crear | Teutonic Knight |
| 31:50 | Crear | Teutonic Knight |
| 31:50 | Crear | Teutonic Knight |
| 31:50 | Crear | Teutonic Knight |
| 31:51 | Crear | Teutonic Knight |
| 31:51 | Crear | Teutonic Knight |
Build order — tas_ath
149 acciones detectadas en el replay
| 0:02 | Construir | House |
| 0:06 | Crear | Villager (Male) ×4 |
| 0:31 | Construir | House |
| 1:35 | Crear | Villager (Male) |
| 2:08 | Crear | Villager (Male) |
| 2:23 | Crear | Villager (Male) |
| 2:55 | Crear | Villager (Male) |
| 3:20 | Crear | Villager (Male) |
| 3:24 | Crear | Villager (Male) |
| 3:34 | Construir | House |
| 3:59 | Crear | Villager (Male) ×2 |
| 4:09 | Construir | House |
| 4:39 | Construir | Mill |
| 5:08 | Crear | Villager (Male) ×2 |
| 5:23 | Construir | Lumber Camp |
| 6:22 | Crear | Villager (Male) |
| 7:17 | Crear | Villager (Male) |
| 7:17 | Crear | Villager (Male) |
| 7:20 | Crear | Villager (Male) |
| 7:20 | Crear | Villager (Male) |
| 7:22 | Crear | Villager (Male) |
| 7:47 | Crear | Villager (Male) |
| 8:03 | Construir | Mining Camp |
| 9:53 | Investigar | Feudal Age |
| 10:03 | Construir | House |
| 10:45 | Construir | Farm |
| 10:49 | Construir | Farm |
| 10:55 | Construir | Farm |
| 11:04 | Construir | House |
| 11:34 | Crear | Villager (Male) |
| 11:34 | Crear | Villager (Male) |
| 11:46 | Construir | Mining Camp |
| 11:54 | Crear | Villager (Male) |
| 11:55 | Crear | Villager (Male) |
| 12:03 | Edad | Edad Feudal |
| 12:06 | Investigar | Horse Collar |
| 12:10 | Investigar | Double-Bit Axe |
| 12:40 | Construir | Farm |
| 12:47 | Construir | Farm |
| 12:53 | Crear | Villager (Male) |
| 13:12 | Construir | Farm |
| 13:18 | Crear | Villager (Male) |
| 13:19 | Crear | Villager (Male) |
| 13:36 | Construir | Farm |
| 13:42 | Construir | Farm |
| 13:47 | Construir | Farm |
| 14:05 | Crear | Villager (Male) |
| 14:24 | Construir | Farm |
| 14:30 | Crear | Villager (Male) |
| 14:30 | Crear | Villager (Male) |
| 14:34 | Crear | Villager (Male) |
| 14:46 | Construir | Farm |
| 15:29 | Construir | Farm |
| 16:00 | Construir | Farm |
| 16:20 | Construir | Farm |
| 16:25 | Investigar | Loom |
| 16:50 | Investigar | Castle Age |
| 17:28 | Construir | House |
| 17:33 | Crear | Villager (Male) ×4 |
| 18:13 | Construir | Farm |
| 18:23 | Construir | Farm |
| 18:29 | Construir | Farm |
| 18:37 | Construir | Farm |
| 18:48 | Investigar | Stone Mining |
| 18:53 | Investigar | Gold Mining |
| 19:02 | Crear | Villager (Male) |
| 19:30 | Edad | Edad de los Castillos |
| 19:50 | Investigar | Stone Shaft Mining |
| 19:54 | Investigar | Gold Shaft Mining |
| 19:59 | Investigar | Heavy Plow |
| 20:04 | Investigar | Bow Saw |
| 20:10 | Construir | Farm |
| 20:25 | Construir | House |
| 20:33 | Investigar | Wheelbarrow |
| 21:13 | Construir | House |
| 21:37 | Construir | Watch Tower |
| 21:47 | Construir | Archery Range |
| 21:53 | Crear | Villager (Male) ×5 |
| 23:10 | Construir | Siege Workshop |
| 23:13 | Investigar | Hand Cart |
| 23:23 | Construir | Mining Camp |
| 23:41 | Crear | Battering Ram ×2 |
| 23:47 | Crear | Skirmisher ×5 |
| 23:47 | Crear | Skirmisher ×5 |
| 23:47 | Crear | Skirmisher ×5 |
| 23:47 | Crear | Skirmisher ×5 |
| 24:45 | Construir | Castle |
| 24:53 | Crear | Villager (Male) |
| 24:54 | Crear | Villager (Male) |
| 25:13 | Crear | Battering Ram |
| 25:14 | Crear | Battering Ram |
| 25:58 | Crear | Villager (Male) ×5 |
| 26:11 | Crear | Petard ×3 |
| 26:49 | Crear | Battering Ram ×2 |
| 27:07 | Construir | Blacksmith |
| 27:37 | Investigar | Hand Cart |
| 27:46 | Crear | Battering Ram |
| 27:46 | Crear | Battering Ram |
| 28:02 | Investigar | Elite Skirmisher (upgrade) |
| 28:21 | Investigar | Fletching |
| 28:23 | Investigar | Padded Archer Armor |
| 28:23 | Investigar | Forging |
| 29:49 | Construir | Farm |
| 30:01 | Construir | Farm |
| 30:05 | Construir | Farm |
| 30:08 | Crear | Villager (Male) |
| 30:08 | Crear | Villager (Male) |
| 30:21 | Crear | Villager (Male) |
| 30:21 | Crear | Villager (Male) |
| 30:21 | Crear | Villager (Male) |
| 30:58 | Construir | Farm |
| 31:12 | Construir | Farm |
| 31:19 | Construir | Farm |
| 31:22 | Construir | House |
| 31:39 | Construir | Farm |
| 31:49 | Construir | Farm |
| 31:52 | Investigar | Imperial Age |
| 31:52 | Investigar | Imperial Age |
| 32:02 | Construir | Farm |
| 32:06 | Crear | Battering Ram |
| 32:10 | Crear | Skirmisher ×5 |
| 32:14 | Crear | Ballista Elephant ×2 |
| 32:24 | Construir | House |
| 32:48 | Construir | Lumber Camp |
| 32:57 | Construir | House |
| 33:02 | Crear | Scorpion ×5 |
| 33:05 | Crear | Ballista Elephant |
| 33:08 | Crear | Ballista Elephant |
| 33:36 | Construir | House |
| 33:37 | Construir | House |
| 33:49 | Construir | Market |
| 34:44 | Construir | Stable |
| 34:56 | Construir | House |
| 34:57 | Construir | House |
| 35:05 | Edad | Edad Imperial |
| 35:17 | Construir | Lumber Camp |
| 35:19 | Crear | Trade Cart |
| 35:48 | Construir | Castle |
| 36:05 | Construir | Stone Wall |
| 36:17 | Crear | Scout Cavalry |
| 36:17 | Crear | Scout Cavalry |
| 36:18 | Investigar | Light Cavalry (upgrade) |
| 36:31 | Construir | Mining Camp |
| 36:50 | Crear | Villager (Male) |
| 36:50 | Crear | Villager (Male) |
| 37:09 | Construir | Town Center |
| 37:27 | Construir | Stone Wall |
| 37:35 | Investigar | Elite Ballista Elephant (upgrade) |
| 37:36 | Investigar | Tusk Swords |
Cronología de la partida
| 9:15 | purrupupues · age_up feudal |
| 11:00 | profess|r · age_up feudal |
| 11:44 | Dicaios · first_building Barracks |
| 12:03 | tas_ath · age_up feudal |
| 12:57 | Dicaios · age_up feudal |
| 12:57 | purrupupues · first_building Barracks |
| 14:05 | Dicaios · first_building Archery Range |
| 14:12 | purrupupues · first_building Stable |
| 17:47 | Dicaios · first_building Stable |
| 19:10 | purrupupues · age_up castle |
| 19:30 | tas_ath · age_up castle |
| 20:05 | purrupupues · first_building Monastery |
| 20:53 | Dicaios · first_market_buy 100 food |
| 21:13 | profess|r · age_up castle |
| 21:21 | profess|r · first_building Castle |
| 21:41 | profess|r · first_building Monastery |
| 21:47 | tas_ath · first_building Archery Range |
| 23:10 | tas_ath · first_building Siege Workshop |
| 23:37 | Dicaios · age_up castle |
| 24:45 | tas_ath · first_building Castle |
| 26:18 | Dicaios · first_building Castle |
| 26:43 | purrupupues · first_building Castle |
| 26:53 | profess|r · age_up imperial |
| 29:12 | Dicaios · first_building Siege Workshop |
| 31:19 | Dicaios · wall_segment Stone Wall x23 |
| 31:29 | Dicaios · wall_segment Stone Wall x11 |
| 32:24 | purrupupues · age_up imperial |
| 33:53 | Dicaios · first_building Monastery |
| 34:44 | tas_ath · first_building Stable |
| 35:05 | tas_ath · age_up imperial |
| 35:31 | Dicaios · first_market_sell 100 wood |
| 36:05 | tas_ath · wall_segment Stone Wall x24 |
| 37:27 | tas_ath · wall_segment Stone Wall x23 |
| 37:57 | Dicaios · resign |
[ ANÁLISIS IA · 1 CRÉDITO ]
¿Qué pasó realmente en esta partida?
Wolo.gg analiza cada decisión: build order, eco, micro, errores típicos por bracket. Análisis personalizado por WhatsApp o Discord en 30 segundos.
Guía civ
Españoles
Guía mapa
Arena
Perfil
purrupupues